 Dungeon Crawl Stone Soup version 0.30-a0-4-ga7cffc901d (webtiles) character file.

Game seed: 14982429977851364428

97 Setbun the Cutter (level 5, -4/33 HPs)
             Began as a Kobold Berserker on Aug 20, 2022.
             Was a Believer of Trog.
             Slain by a kobold brigand
             ... wielding a +0 whip
              (5 damage)
             ... on level 3 of the Dungeon.
             The game lasted 00:05:15 (3835 turns).

Setbun the Cutter (Kobold Berserker)                Turns: 3835, Time: 00:05:15

Health: -4/33      AC:  2    Str: 14    XL:     5   Next: 0%
Magic:  5/5        EV: 15    Int:  9    God:    Trog [**....]
Gold:   182        SH:  0    Dex: 16    Spells: 4/4 levels left

rFire   . . .      SeeInvis .    g - +3 dagger (freeze)
rCold   . . .      Faith    .    (no shield)
rNeg    . . .      Spirit   .    b - +0 animal skin
rPois   +          Reflect  .    (no helmet)
rElec   .          Harm     .    (no cloak)
rCorr   .          Rampage  .    (no gloves)
Will    .....                    (no boots)
Stlth   ++........               (no amulet)
HPRegen 0.11/turn                e - ring of poison resistance
MPRegen 0.09/turn                (no ring)

@: on berserk cooldown, slowed, very slow
A: small, no large weapons, nightstalker 3
a: Renounce Religion, Berserk, Trog's Hand


You were on level 3 of the Dungeon.
You worshipped Trog.
Trog was pleased with you.
You visited 1 branch of the dungeon, and saw 3 of its levels.

You collected 182 gold pieces.

Inventory:

Hand Weapons
 a - a +0 short sword
 g - a +3 dagger of freezing (weapon)
Armour
 b - a +0 animal skin (worn)
Jewellery
 e - a ring of poison resistance (left hand)
 i - a +4 ring of evasion
 o - a +6 ring of dexterity
Wands
 q - a wand of charming (7)
Scrolls
 j - a scroll of identify {unknown}
 k - a scroll of blinking {unknown}
 l - a scroll of magic mapping {unknown}
 m - a scroll of torment {unknown}
 n - a scroll of silence {unknown}
 p - a scroll of enchant weapon {unknown}
 r - a scroll of vulnerability {unknown}
Potions
 c - 3 potions of curing {unknown}
 d - a potion of ambrosia {unknown}
 f - a potion of degeneration {unknown}
 h - 2 potions of haste {unknown}
 s - a potion of attraction {unknown}


   Skills:
 + Level 4.2 Fighting
 * Level 6.2 Short Blades
 - Level 1.5 Armour
 - Level 2.4 Dodging


You had 4 spell levels left.
You didn't know any spells.
Your spell library was empty.

Dungeon Overview and Level Annotations

Branches:
Dungeon (3/15)

Altars:
Makhleb

Shops:
D:2 *   D:3 !!


Innate Abilities, Weirdness & Mutations

You are small and have problems with some larger weapons.
You are completely attuned to the shadows.


Message History

You closely miss the kobold.
You feel sick. The kobold closely misses you.
You puncture the kobold! You freeze the kobold.
You kill the kobold!
Trog accepts your kill.
You have reached level 5!
You feel clever.
You are no longer berserk.
You are exhausted.
You feel yourself slow down.
You feel sick.
You feel sick. The kobold brigand misses you.
You hit the kobold brigand but do no damage.
The kobold brigand is moderately wounded.
You feel sick.
A kobold comes into view. It is wielding a +0 dagger.
The kobold brigand misses you.
The kobold brigand hits you with a +0 whip.
You closely miss the kobold brigand.
The kobold brigand is moderately wounded.
You feel sick.
The kobold brigand hits you with a +0 whip.
You barely miss the kobold brigand.
The kobold brigand is moderately wounded.
You feel sick. The kobold brigand misses you.
You closely miss the kobold brigand.
The kobold brigand is moderately wounded.
You feel sick.
You are no longer poisoned.
The kobold brigand hits you with a +0 whip.
* * * LOW HITPOINT WARNING * * *
You hit the kobold brigand but do no damage.
The kobold brigand is moderately wounded.
The kobold brigand closely misses you.
You closely miss the kobold brigand.
The kobold brigand is moderately wounded.
The kobold brigand hits you with a +0 whip.
* * * LOW HITPOINT WARNING * * *
You hit the kobold brigand. You freeze the kobold brigand.
The kobold brigand is moderately wounded.
The kobold brigand hits you with a +0 whip.
You die... #.......# #÷÷.....# #÷.÷...÷# #....÷# #KKK#

###K## #.#@# #####'#.#
#....##.## ###'####...######
####...'..).....÷'.#
##......####...####.#####
####..###...#.##.###...)....
.....## #...#..#.# #.#######
#....# #...#..#.#
#.##########


You could see 2 kobold brigands and 2 kobolds.

Vanquished Creatures
  Ijyb (D:3)
  2 worms
  A dart slug (D:2)
  4 ball pythons
  4 bats
  7 endoplasms
  3 giant cockroaches
  5 hobgoblins
  5 quokkas
  2 frilled lizards (D:2)
  7 goblins
  11 kobolds
  11 rats
63 creatures vanquished.

Notes
Turn   | Place    | Note
-------+----------+-------------------------------------------
     0 | D:1      | Setbun the Kobold Berserker began the quest for the Orb.
     0 | D:1      | Reached XP level 1. HP: 14/14 MP: 1/1
   325 | D:1      | Reached XP level 2. HP: 10/19 MP: 2/2
   804 | D:1      | Reached XP level 3. HP: 3/24 MP: 3/3
  1727 | D:1      | Reached skill level 5 in Short Blades
  2311 | D:2      | Reached ** piety under Trog
  2389 | D:2      | Found Jount's Assorted Antiques.
  2599 | D:2      | Found a faded altar of an unknown god.
  2629 | D:2      | Reached XP level 4. HP: 29/29 MP: 4/4
  2829 | D:2      | Identified the +1 ring mail of Ydiumi Kurph {rPois rF-
                  | Str+5 Stlth-}
  3035 | D:2      | Found a burning altar of Makhleb.
  3332 | D:3      | Found Awatt's Distillery.
  3375 | D:3      | Found Nysokh's Distillery.
  3491 | D:3      | Noticed Ijyb
  3498 | D:3      | Killed Ijyb
  3499 | D:3      | Reached skill level 6 in Short Blades
  3813 | D:3      | Noticed a kobold brigand
  3814 | D:3      | Noticed a kobold brigand
  3827 | D:3      | Reached XP level 5. HP: 33/33 MP: 5/5
  3834 | D:3      | HP: 1/33 [kobold brigand/+0 whip (5)]
  3835 | D:3      | Slain by a kobold brigand

Illustrated notes

Levels and vault maps discovered:
D:1:      onia_arrival_mini_maze_b, layout_loops_ring
D:2:      layout_loops_ring, serial_shops, shop, basic_altar,
          ebering_ecumenical_altar_abandoned
D:3:      minmay_octagon_keep, layout_basic, serial_shops,
          nicolae_shop_hallway_plus, nicolae_shop_crystal, shop_statue, shop,
          nicolae_shop_advertising_works [nicolae_subvault_shop_adworks],
          dilly_guarded_unrand_throatcut, uniq_ijyb, uniq_crazy_yiuf_cottage,
          uniq_jessica

Skill      XL: |  1  2  3  4 |
---------------+-------------+-----
Short Blades   | 5 6 |  6.2
Fighting       | 4 |  4.2
Armour         | |  1.5
Dodging        | |  2.4

Action                   |  1- 3 |  4- 6 || total
-------------------------+-------+-------++-------
Melee: Short sword       |    94 |       ||    94
       Punch             |     2 |     1 ||     3
       Dagger            |    23 |    51 ||    74
Invok: Berserk           |     2 |     1 ||     3
 Stab: Sleeping          |     8 |     7 ||    15
Armor: Animal skin       |     9 |     3 ||    12
Dodge: Dodged            |    72 |    25 ||    97

Table legend: (Time is in decaauts)
 A = Elapsed time spent in this place.
 B = Non-inter-level travel time spent in this place.
 C = Inter-level travel time spent in this place.
 D = Time resting spent in this place.
 E = Time spent auto-exploring this place.
 F = Levels seen in this place.
 G = Mean time per level.
                   A        B        C        D        E       F      G
               +--------+--------+--------+--------+--------+-----+--------+
         Total |   3821 |   3714 |    107 |    959 |   2276 |   3 | 1273.7 |
       Dungeon |   3821 |   3714 |    107 |    959 |   2276 |   3 | 1273.7 |
               +--------+--------+--------+--------+--------+-----+--------+

Top non-repeatable levels by time:
     D:1: 2267 daAuts
     D:2: 1035 daAuts
     D:3: 518 daAuts
